AoeStats
← LuD2550

Golden Pit

509745103Analyzed
1v1 RM · 3d ago on Sep 27, 2026· 60m 7s· 2 players
Game mode
Random Map
Map size
Tiny (2 player)
Population
200
Speed
Normal
Resources
Standard
Victory
Conquest
Starting age
Dark Age
Ending age
Imperial Age
RankedLock teamsTeams togetherTeam positionsShared explorationLock speedFull tech treeHidden civsTurbo modeCheats
Victory
Defeat
🇦🇷 Persians · Argentina
799
+17
🇺🇸 Persians · United States
821
-17
LuD2550
7:07 Loom
10:07 Feudal Age
11:04 Double-Bit Axe
15:24 Scale Barding Armor
17:29 Forging
21:21 Bloodlines
23:42 Castle Age
22:37 Horse Collar
22:51 Gold Mining
22:54 Stone Mining
23:19 Scale Mail Armor
23:11 Fletching
24:51 Wheelbarrow
25:32 Bow Saw
24:44 Light Cavalry
25:25 Husbandry
26:01 Pikeman
27:34 Heavy Plow
34:27 Imperial Age
32:11 Gambesons
32:26 Squires
32:12 Arson
35:51 Iron Casting
36:14 Halberdier
37:15 Hand Cart
39:35 Chemistry
38:56 Ballistics
40:53 Bodkin Arrow
40:58 Padded Archer Armor
41:20 Chain Barding Armor
41:30 Elite Skirmisher
43:06 Thumb Ring
43:28 Chain Mail Armor
45:55 Hand Cart
45:26 Town Watch
47:39 Plate Mail Armor
49:46 Leather Archer Armor
50:31 Blast Furnace
50:07 Plate Barding Armor
51:48 Ring Archer Armor
56:15 Conscription
57:20 Elite War Elephant
60:21 Citadels
Benja8576
11:33 Feudal Age
14:49 Double-Bit Axe
21:07 Castle Age
24:08 Horse Collar
24:21 Pikeman
25:59 Scale Mail Armor
26:28 Squires
29:52 Scale Barding Armor
30:09 Bow Saw
31:30 Bloodlines
33:05 Gold Mining
37:37 Imperial Age
36:17 Chain Barding Armor
36:08 Forging
37:25 Wheelbarrow
38:03 Fletching
38:51 Plate Barding Armor
38:05 Crossbowman
39:36 Bodkin Arrow
39:45 Padded Archer Armor
41:55 Leather Archer Armor
42:30 Thumb Ring
43:13 Kamandaran
44:41 Chemistry
47:38 Iron Casting
51:45 Two-Man Saw
54:31 Halberdier
Connection lost

Rejoining the realm…

Still unreachable

The connection could not be restored.

Session expired

The server has moved on; the page needs a fresh start.